 Dungeon Crawl Stone Soup version 0.27-a0-414-gbb19ded6d3 (webtiles) character file.

Game seed: 2648534311251972995

36 wakim the Insei (level 3, 0/23 HPs)
             Began as an Octopode Transmuter on Feb 24, 2021.
             Slain by a scorpion (6 damage)
             ... on level 4 of the Dungeon.
             The game lasted 00:04:23 (1281 turns).

wakim the Insei (Octopode Transmuter)               Turns: 1281, Time: 00:04:23

Health: 0/23       AC:  1    Str:  9    XL:     3   Next: 37%
Magic:  6/6        EV: 13    Int: 16    God:
Gold:   57         SH:  0    Dex: 12    Spells: 5/6 levels left

rFire    . . .     SeeInvis .     - Unarmed
rCold    . . .     Faith    .   (no shield)
rNeg     . . .     Spirit   .   (helmet currently unavailable)
rPois    .         Reflect  .   (no amulet)
rElec    .         Harm     .   (no ring)
rCorr    .         Rampage  .   (no ring)
Will     .....                  (no ring)
Stlth    +++.......             (no ring)
HPRegen  0.07/turn              (no ring)
MPRegen  0.10/turn              (no ring)
                                (no ring)
                                (no ring)

@: appendages (expiring)
A: almost no armour, stealthy swim, amphibious, 8 rings, constrict 8, tentacle
spike 3, camouflage 1, gelatinous body 1
a: End Transformation


You were on level 4 of the Dungeon.
One of your tentacles had a temporary spike.
You visited 1 branch of the dungeon, and saw 3 of its levels.

You collected 57 gold pieces.

Inventory:

Hand Weapons
 b - a +0 hunting sling
Missiles
 d - 31 stones
Scrolls
 c - a scroll of magic mapping {unknown}
Potions
 a - a potion of magic {unknown}
 e - a potion of ambrosia {unknown}


   Skills:
 * Level 1.5 Fighting
 * Level 2.4 Dodging
 + Level 1.1 Stealth
 * Level 3.3 Unarmed Combat
 + Level 2.2 Spellcasting
 + Level 2.2 Transmutations


You had 5 spell levels left.
You knew the following spells:

 Your Spells              Type           Power        Failure   Level
a - Beastly Appendage     Tmut           18%          9%          1

Your spell library contained the following spells:

 Spells                   Type           Power        Failure   Level
 Wereblood                Tmut           9%           12%         2
 Spider Form              Tmut/Pois      2%           36%         3
 Ice Form                 Ice/Tmut       5%           77%         4
 Blade Hands              Tmut           4%           92%         5


Dungeon Overview and Level Annotations

Branches:
Dungeon (2/15)

Altars:


Innate Abilities, Weirdness & Mutations

You cannot wear most types of armour.
You are very stealthy in the water. (Stealth+)
You are amphibious.
You can wear up to eight rings at the same time.
You can use your tentacles to constrict eight enemies at once.
Your skin changes colour to match your surroundings (Stealth+).
Your rubbery body absorbs attacks. (AC +1, EV +1)
One of your tentacles bears a large vicious spike.


Message History

You constrict the adder. The adder misses you.
You tentacle-slap the adder.
The adder is heavily wounded.
You constrict the adder. The adder bites you.
You completely miss the adder.
The adder is severely wounded.
You constrict the adder. The adder closely misses you.
You barely miss the adder.
The adder is almost dead.
You constrict the adder.
You kill the adder!
You completely miss the ball python. You grab the ball python.
Your tentacle spike misses the ball python.
You constrict the ball python. The ball python misses you.
The ball python closely misses you. x2; The ball python misses you.
You tentacle-slap the ball python.
You kill the ball python!
You miss the jackal. You grab the jackal.
Your transformation is almost over.
You constrict the jackal, but do no damage.
The jackal bites you. The jackal closely misses you.
You barely miss the jackal. You constrict the jackal.
The jackal barely misses you.
You tentacle-slap the jackal.
You kill the jackal!
You barely miss the scorpion. You grab the scorpion.
You pierce the scorpion.
The scorpion is moderately wounded.
You constrict the scorpion. The scorpion stings you.
* * * LOW HITPOINT WARNING * * *
You tentacle-slap the scorpion.
You pierce the scorpion, but do no damage.
The scorpion is heavily wounded.
You constrict the scorpion, but do no damage.
The scorpion stings you.
* * * LOW HITPOINT WARNING * * *
You tentacle-slap the scorpion.
The scorpion is heavily wounded.
You constrict the scorpion, but do no damage.
The scorpion stings you.
You die...

##. ##....!...[...
#.....#..........
..#####..s.......
#.........>..
....##.........
..### ##.......[ #
##........
##########.........
#....@s.....###....
#.########.### ....
#.# ... ..# !. ..##
..# .. ##


You could see a scorpion.

Vanquished Creatures
  An adder (D:4)
  2 dart slugs (D:1)
  5 bats (D:1)
  A goblin (D:1)
  A hobgoblin (D:1)
  A jackal (D:4)
  2 kobolds (D:1)
  A ball python (D:4)
  3 frilled lizards (D:1)
  10 rats
27 creatures vanquished.

Notes
Turn   | Place    | Note
-------+----------+-------------------------------------------
     0 | D:1      | wakim the Octopode Transmuter began the quest for the Orb.
     0 | D:1      | Reached XP level 1. HP: 13/13 MP: 3/3
   168 | D:1      | Reached XP level 2. HP: 18/18 MP: 5/5
  1015 | D:1      | Reached XP level 3. HP: 22/23 MP: 6/6
  1202 | D:2      | Reached skill level 1 in Stealth
  1250 | D:2      | You fall into a shaft and drop 2 floors!
  1251 | D:4      | Noticed a scorpion
  1281 | D:4      | Slain by a scorpion

Illustrated notes

Levels and vault maps discovered:
D:1:      ncdulo_wetmaze, layout_loops_corners
D:2:      minmay_door_path, layout_basic, serial_forest,
          infiniplex_forest_end_double, infiniplex_forest_clump_long,
          infiniplex_forest_clump_small, infiniplex_forest_straight_3,
          infiniplex_forest_lined_ring, infiniplex_forest_lined_4_way,
          infiniplex_forest_lined_4_way
D:4:      layout_rooms, eat_drink_and_be_merry_uskayaw, marbit_many_paths

Skill      XL: |  1  2  3 |
---------------+----------+-----
Stealth        | 1 |  1.1
Fighting       | |  1.5
Dodging        | |  2.4
Unarmed Combat | |  3.3
Spellcasting   | |  2.2
Transmutations | |  2.2

Action                   || total
-------------------------++-------
Melee: Unarmed           ||    57
       Constrict         ||    16
       Tentacles         ||     4
       Kick              ||     4
       Punch             ||     4
 Fire: Hunting sling     ||     4
 Cast: Beastly Appendage ||    12
 Stab: Sleeping          ||     6
Armor: Skin              ||    14
Dodge: Dodged            ||    36

Table legend: (Time is in decaauts)
 A = Elapsed time spent in this place.
 B = Non-inter-level travel time spent in this place.
 C = Inter-level travel time spent in this place.
 D = Time resting spent in this place.
 E = Time spent auto-exploring this place.
 F = Levels seen in this place.
 G = Mean time per level.
                   A        B        C        D        E       F      G
               +--------+--------+--------+--------+--------+-----+--------+
         Total |   1274 |   1254 |     20 |    236 |    791 |   3 |  424.7 |
       Dungeon |   1274 |   1254 |     20 |    236 |    791 |   3 |  424.7 |
               +--------+--------+--------+--------+--------+-----+--------+

Top non-repeatable levels by time:
     D:1: 1133 daAuts
     D:2: 112 daAuts
     D:4: 29 daAuts
